 Dungeon Crawl Stone Soup version 0.28.0 (webtiles) character file.

Game seed: 5953388960433015310

77347 dolemite99 the Slicer (level 15, -12/92 (122) HPs)
             Began as a Demonspawn Fighter on Feb 18, 2022.
             Was the Champion of Ru.
             Mangled by a skeletal warrior (14 damage)
             ... led by a skeletal warrior
             ... on level 13 of the Dungeon.
             The game lasted 00:43:09 (37186 turns).

dolemite99 the Slicer (Demonspawn Fighter)         Turns: 37186, Time: 00:43:09

HP:   -12/92 (122)  AC: 21    Str: 24    XL:     15   Next: 15%
MP:   21/24         EV: 13    Int: 13    God:    Ru [******]
Gold: 603           SH:  6    Dex: 17    Spells: 14/14 levels left

rFire   . . .      SeeInvis +   a - +2 rapier
rCold   . . .      Faith    .   c - +0 buckler
rNeg    . . .      Spirit   .   S - +1 plate armour of Somewhere Else {rCorr Int+2}
rPois   +          Reflect  .   D - +2 helmet {SInv}
rElec   +          Harm     .   B - scarf {rC+ rF+}
rCorr   +          Rampage  .   g - +0 pair of gloves {Str+3}
Will    +....                   (boots unavailable)
Stlth   ..........              J - amulet of the acrobat
HPRegen 0.25/turn               M - +4 ring of slaying
MPRegen 0.19/turn               s - ring of the Frog {rElec rPois MP+9 Dex+5 Stlth-, =R}

@: exhausted, heavily drained
A: hooves 3, repulsion field 2, spiny 3, weak 1, no stealth, inability to use
devices, unskilled 1, temperature sensitive, demonic magic 2
a: Renounce Religion, Draw Out Power, Power Leap, Apocalypse


You were on level 13 of the Dungeon.
You worshipped Ru.
Ru was exalted by your worship.
You visited 3 branches of the dungeon, and saw 21 of its levels.
You visited the Abyss 1 time.

You collected 2028 gold pieces.
You spent 1425 gold pieces at shops.

Inventory:

Hand Weapons
 a - a +2 rapier (weapon)
Missiles
 e - 679 stones
 h - 140 bolts
 P - 38 sling bullets
 R - 4 boomerangs (quivered)
Armour
 c - a +0 buckler (worn)
 g - a +0 pair of gloves of strength (worn)
 B - a scarf of resistance (worn)
 D - a +2 helmet of see invisible (worn)
 S - the +1 plate armour of Somewhere Else (worn) {rCorr Int+2}
   (You bought it in a shop on level 2 of the Orcish Mines)

   Int:       It affects your intelligence (+2).
   rCorr:     It protects you from acid and corrosion.
Jewellery
 d - a ring of magical power
 f - a ring of positive energy
 m - a ring of poison resistance
 p - a ring of resist corrosion
 s - the ring of the Frog (right hand) {rElec rPois MP+9 Dex+5 Stlth-, =R}
   (You acquired it on level 2 of the Lair of Beasts)

   [ring of magical power]

   Dex:       It affects your dexterity (+5).
   rElec:     It insulates you from electricity.
   rPois:     It protects you from poison.
   MP:        It affects your magic capacity (+9).
   Stlth:     It makes you less stealthy.
 w - a ring of protection from fire
 F - a +6 ring of strength
 J - an amulet of the acrobat (around neck)
 M - a +4 ring of slaying (left hand)
 N - a ring of wizardry
Scrolls
 l - a scroll of fog
 y - 2 scrolls of magic mapping
 A - 3 scrolls of fear
 C - 5 scrolls of silence
 L - a scroll of teleportation
 O - a scroll of blinking
 Q - a scroll of vulnerability
Potions
 b - a potion of attraction
 i - a potion of cancellation
 j - 3 potions of brilliance
 k - 3 potions of ambrosia
 n - 3 potions of haste
 q - a potion of flight
 r - 4 potions of heal wounds
 u - 2 potions of lignification
 x - 10 potions of curing
 z - 4 potions of might
 E - a potion of magic {unknown}
 H - a potion of berserk rage


   Skills:
 - Level 12.9 Fighting
 - Level 13.1 Short Blades
 + Level 4.3 Throwing
 - Level 11.7 Armour
 - Level 7.8 Dodging
 - Level 6.0 Shields


You had 14 spell levels left.
You didn't know any spells.
Your spell library contained the following spells:

 Spells                   Type           Power      Damage    Failure   Level
 Magic Dart               Conj           0%         1d3       98%         1
 Pain                     Necr           0%         1d4       98%         1
 Slow                     Hex            0%         N/A       98%         1
 Blink                    Tloc           0%         N/A       99%         2
 Searing Ray              Conj           0%         2d4       99%         2
 Confusing Touch          Hex            0%         N/A       100%        3
 Dazzling Flash           Conj/Hex       0%         N/A       100%        3
 Ignite Poison            Fire/Tmut/Pois 0%         N/A       100%        3
 Mephitic Cloud           Conj/Pois/Air  0%         N/A       100%        3
 Vampiric Draining        Necr           0%         2d6       100%        3
 Animate Armour           Summ/Erth      0%         N/A       100%        4
 Fulminant Prism          Conj/Hex       0%         3d6       100%        4
 Petrify                  Tmut/Erth      0%         N/A       100%        4
 Agony                    Necr           0%         N/A       100%        5
 Blade Hands              Tmut           0%         N/A       100%        5
 Excruciating Wounds      Necr           0%         N/A       100%        5
 Freezing Cloud           Conj/Ice/Air   0%         6-21      100%        5
 Manifold Assault         Tloc           0%         N/A       100%        5
 Metabolic Englaciation   Hex/Ice        0%         N/A       100%        5
 Silence                  Hex/Air        0%         N/A       100%        5
 Iron Shot                Conj/Erth      0%         9d1       100%        6
 Statue Form              Tmut/Erth      0%         N/A       100%        6
 Storm Form               Tmut/Air       0%         N/A       100%        7


Dungeon Overview and Level Annotations

Branches:
Dungeon (13/15)            Temple (0/1) D:7            Lair (6/6) D:8
  Swamp (0/4) Lair:3        Snake (0/4) Lair:3        Slime (0/5) Lair:6
    Orc (2/2) D:9             Elf (0/3) Orc:2
 Vaults: D:13-14

Altars:
Ashenzari
Dithmenos
Fedhas
Hepliaklqana
Makhleb
Nemelex Xobeh
Okawaru
Qazlal
Ru
Sif Muna
Vehumet
Wu Jian
Yredelemnul
Beogh
Jiyva

Shops:
D:4 *   D:8 ?   Orc:2 ::*[*

Portals:
Hell: Lair:6


Innate Abilities, Weirdness & Mutations

You have hooves in place of feet.
You are surrounded by a moderate repulsion field. (EV +3)
You are completely covered in sharp spines.
You are weak. (Str -2)
You cannot be stealthy.
You cannot study or use magical devices.
You are somewhat unskilled. (-1 Apt)
You are sensitive to extremes of temperature. (rF-, rC-)
Spells you cast may paralyse nearby enemies.


Message History

You hit the skeletal warrior. Your kick misses the skeletal warrior.
The skeletal warrior is heavily damaged.
You closely miss the skeletal warrior.
The skeletal warrior is heavily damaged.
The skeletal warrior hits you with a +0 halberd.
* * * LOW HITPOINT WARNING * * *
You hit the skeletal warrior. You kick the skeletal warrior.
The skeletal warrior is heavily damaged.
You block the skeletal warrior's attack.
You hit the skeletal warrior but do no damage.
The skeletal warrior is heavily damaged.
You hit the skeletal warrior but do no damage.
Your kick misses the skeletal warrior.
The skeletal warrior is heavily damaged.
The boulder beetle leaps!
The skeletal warrior hits you with a +0 halberd.
* * * LOW HITPOINT WARNING * * *
You closely miss the skeletal warrior.
You kick the skeletal warrior, but do no damage.
The skeletal warrior is heavily damaged.
You hit the skeletal warrior but do no damage.
You kick the skeletal warrior.
The skeletal warrior is severely damaged.
The skeletal warrior is struck by your spines.
The skeletal warrior hits you but does no damage.
You hit the skeletal warrior but do no damage.
You kick the skeletal warrior, but do no damage.
The skeletal warrior is severely damaged.
The skeletal warrior closely misses you.
You hit the skeletal warrior.
You kick the skeletal warrior, but do no damage.
The skeletal warrior is severely damaged.
You hit the skeletal warrior but do no damage.
You kick the skeletal warrior.
The skeletal warrior is severely damaged.
The boulder beetle is struck by your spines.
The boulder beetle bites you!!
* * * LOW HITPOINT WARNING * * *
The skeletal warrior hits you with a +0 halberd!
You die...

.###.. .. #..... ...
......######## z...
.............# .....
............###......
................z.(.. .
.######.......###......
..# ..........B...#
..... ....
######..@z...### ....
..... ##.....)......#
...
......##...........#....
.. #.<..##.......###.. .
.......#####.......°..[.
#..#... #.....####.. .
#.## ##...... B. #..
######## . #.


You could see a boulder beetle and a skeletal warrior.

Vanquished Creatures
  A dire elephant (Lair:6)
  3 boulder beetles
  11 hydras
  Harold (D:7)
  2 catoblepae
  4 death yaks
  5 two-headed ogres
  A centaur warrior (D:12)
  6 orc high priests (Orc:2)
  A sun demon (Lair:6)
  A skeletal warrior (D:13)
  A bog body (Lair:3)
  Pikel (D:6)
  A wizard (Lair:6)
  An orc sorcerer (Orc:1)
  A necromancer (Lair:3)
  A cyclops (D:10)
  An ugly thing (D:12)
  A manticore (D:12)
  21 elephants
  Maurice (D:7)
  Joseph (D:7)
  6 black mambas
  2 gargoyles (D:12)
  2 torpor snails
  A smoke demon (Lair:6)
  An orange demon (Lair:6)
  14 cane toads
  A kobold demonologist (D:11)
  3 rime drakes
  A yaktaur (D:12)
  6 komodo dragons
  An unseen horror (D:12)
  2 red devils (Lair:6)
  2 ice devils (Lair:6)
  4 trolls
  3 polar bears
  7 dream sheep (Lair:3)
  13 blink frogs
  8 slime creatures
  A shadow (D:12)
  A wraith (D:12)
  40 yaks
  5 wyverns
  A fire bat (Abyss:2)
  3 basilisks
  A steam dragon (D:6)
  6 vampire mosquitoes
  7 wargs
  An acid dragon (D:9)
  4 nagas (Lair:3)
  3 swamp worms (Lair:3)
  4 hell hounds (Lair:6)
  28 water moccasins
  An ice beast (D:6)
  3 swamp drakes (Lair:5)
  A sky beast (D:8)
  Duvessa (D:6)
  19 orc warriors
  6 necrophages (Lair:3)
  2 elephant zombies (Lair:3)
  4 black bears
  25 wolves
  6 centaurs
  10 ogres
  A lemure (D:6)
  12 bullfrogs
  2 gnoll sergeants
  A scorpion (D:6)
  Dowan (D:6)
  7 killer bees
  12 wights
  12 electric eels
  5 centaur zombies
  A jelly (D:5)
  A gnoll shaman (D:6)
  4 hounds
  2 basilisk zombies (Lair:3)
  A bullfrog skeleton (D:5)
  41 orc priests
  A centaur skeleton (D:7)
  Terence (D:2)
  An iguana (D:6)
  26 orc wizards
  7 hell rats (Lair:6)
  A howler monkey zombie (D:9)
  7 adders
  10 gnolls
  2 shadow imps (D:6)
  A white imp (D:5)
  An adder skeleton (D:5)
  2 dart slugs
  90 orcs
  10 ball pythons
  7 endoplasms
  2 giant cockroaches (D:2)
  3 goblins
  8 hobgoblins
  5 jackals
  5 quokkas
  4 bats
  3 frilled lizards (D:1)
  6 kobolds
  4 rats
637 creatures vanquished.

Vanquished Creatures (others)
  A hydra (Lair:2)
  A catoblepas (Lair:2)
  A manticore (D:12)
  An elephant (Lair:4)
  A centaur zombie (D:10)
  A rime drake (Lair:6)
  A cane toad (Lair:2)
  2 komodo dragons
  A blink frog (Lair:6)
  An acid dragon (D:11)
  A water moccasin (Lair:6)
  A wolf (Lair:2)
  A wyvern skeleton (D:7)
  2 orcs
  104 fungi
  176 plants
296 creatures vanquished.

Grand Total: 933 creatures vanquished

Notes
Turn   | Place    | Note
-------+----------+-------------------------------------------
     0 | D:1      | dolemite99 the Demonspawn Fighter began the quest for the
                  | Orb.
     0 | D:1      | Reached XP level 1. HP: 18/18 MP: 1/1
    20 | D:1      | Reached skill level 2 in Short Blades
   265 | D:1      | Gained mutation: You are surrounded by a mild repulsion
                  | field. (EV +2) [demonic ancestry]
   265 | D:1      | Reached XP level 2. HP: 11/24 MP: 2/2
   806 | D:1      | Found a faded altar of an unknown god.
   812 | D:1      | Prayed at the altar of an unknown god.
   812 | D:1      | Became a worshipper of Ru the Awakened
   829 | D:1      | Gained mutation: You are sensitive to extremes of
                  | temperature. (rF-, rC-) [Ru sacrifice]
   829 | D:1      | Reached * piety under Ru
   829 | D:1      | Reached ** piety under Ru
   950 | D:1      | Reached skill level 3 in Short Blades
  1139 | D:1      | Gained mutation: You are partially covered in sharp spines.
                  | [demonic ancestry]
  1139 | D:1      | Reached XP level 3. HP: 29/29 MP: 3/3
  1514 | D:2      | Noticed Terence
  1525 | D:2      | Killed Terence
  1526 | D:2      | Gained mutation: You have large cloven feet. [demonic
                  | ancestry]
  1526 | D:2      | Reached XP level 4. HP: 33/35 MP: 4/4
  1573 | D:2      | Reached skill level 4 in Short Blades
  2732 | D:4      | Gained mutation: You have hoof-like feet. [demonic
                  | ancestry]
  2732 | D:4      | Reached XP level 5. HP: 32/41 MP: 5/5
  2807 | D:4      | Reached skill level 5 in Short Blades
  2985 | D:4      | Gained mutation: You cannot study or use magical devices.
                  | [Ru sacrifice]
  2985 | D:4      | Reached *** piety under Ru
  2985 | D:4      | Reached **** piety under Ru
  3079 | D:4      | Noticed an ogre
  3086 | D:4      | Killed an ogre
  3200 | D:4      | Reached skill level 6 in Short Blades
  3200 | D:4      | Gained mutation: You are mostly covered in sharp spines.
                  | [demonic ancestry]
  3200 | D:4      | Reached XP level 6. HP: 28/47 MP: 0/6
  3442 | D:4      | Found Ishitiel's Gadget Gallery.
  3456 | D:4      | Identified a scroll of acquirement
  3456 | D:4      | Acquired a +0 pair of gloves of strength
  3484 | D:4      | Found a sparkling altar of Nemelex Xobeh.
  3721 | D:5      | Entered Level 5 of the Dungeon
  4001 | D:5      | Found an ornate altar of the Wu Jian Council.
  4262 | D:5      | Found a stormy altar of Qazlal.
  4262 | D:5      | Noticed a water moccasin
  4269 | D:5      | Killed a water moccasin
  4270 | D:5      | Reached skill level 7 in Short Blades
  4270 | D:5      | Gained mutation: You are completely covered in sharp
                  | spines. [demonic ancestry]
  4270 | D:5      | Reached XP level 7. HP: 37/52 MP: 7/7
  4486 | D:5      | Found a faded altar of an unknown god.
  4488 | D:5      | Found a faded altar of an unknown god.
  4488 | D:5      | Found a faded altar of an unknown god.
  4496 | D:5      | Found a hazy altar of Hepliaklqana.
  4848 | D:6      | Noticed a steam dragon
  4856 | D:6      | Killed a steam dragon
  4857 | D:6      | Reached skill level 8 in Short Blades
  5323 | D:6      | Found an iron altar of Okawaru.
  5568 | D:6      | Reached XP level 8. HP: 58/58 MP: 8/8
  5586 | D:6      | Found a broken altar of Ashenzari.
  5624 | D:6      | Found a blossoming altar of Fedhas.
  5881 | D:7      | Noticed Harold
  5881 | D:7      | Noticed Pikel
  6106 | D:7      | Noticed Dowan
  6106 | D:7      | Noticed Duvessa
  6112 | D:6      | Reached skill level 9 in Short Blades
  6637 | D:6      | Killed Dowan
  6638 | D:6      | Killed Duvessa
  7097 | D:7      | Reached skill level 10 in Short Blades
  7256 | D:7      | Identified the +6 flail of Karma {vorpal, rN+ Str+3}
  7284 | D:6      | Killed Pikel
  7285 | D:6      | Reached skill level 11 in Short Blades
  7285 | D:6      | Gained mutation: You have hooves in place of feet. [demonic
                  | ancestry]
  7285 | D:6      | Reached XP level 9. HP: 31/63 MP: 3/9
  8328 | D:7      | Found a burning altar of Makhleb.
  8334 | D:7      | Gained mutation: You are somewhat unskilled. (-1 Apt) [Ru
                  | sacrifice]
  8334 | D:7      | Reduced skill Short Blades to level 10
  8334 | D:7      | Reached ***** piety under Ru
  8335 | D:7      | Noticed Joseph
  8336 | D:7      | Found a shadowy altar of Dithmenos.
  8346 | D:7      | Killed Joseph
  8874 | D:7      | Reached skill level 11 in Short Blades
  8931 | D:7      | Found a radiant altar of Vehumet.
  8974 | D:7      | Killed Harold
  9529 | D:7      | Found a staircase to the Ecumenical Temple.
  9601 | D:8      | Noticed Maurice
  9656 | D:7      | Killed Maurice
  9657 | D:7      | Gained mutation: Spells you cast may paralyse adjacent
                  | enemies. [demonic ancestry]
  9657 | D:7      | Reached XP level 10. HP: 66/70 MP: 10/10
 10632 | D:8      | Reached skill level 5 in Fighting
 10708 | D:8      | Found a staircase to the Lair.
 10788 | D:8      | Found Evyaf's Magic Scroll Emporium.
 10916 | D:8      | Bought a scroll of magic mapping for 38 gold pieces
 10916 | D:8      | Bought a scroll of silence for 82 gold pieces
 10916 | D:8      | Bought a scroll of identify for 22 gold pieces
 10916 | D:8      | Bought a scroll of identify for 22 gold pieces
 10991 | D:8      | Found a basalt altar of Yredelemnul.
 11032 | D:8      | Reached skill level 5 in Armour
 11281 | D:8      | Found a shimmering blue altar of Sif Muna.
 11625 | D:9      | Found a staircase to the Orcish Mines.
 12728 | Lair:1   | Entered Level 1 of the Lair of Beasts
 13263 | Lair:1   | Gained mutation: You cannot be stealthy. [Ru sacrifice]
 13527 | Lair:1   | Noticed a torpor snail
 13541 | Lair:1   | Reached XP level 11. HP: 75/83 MP: 11/11
 14371 | Lair:1   | Noticed an eight-headed hydra
 14385 | Lair:1   | HP: 4/86 [eight-headed hydra (8)]
 15050 | Lair:1   | Noticed a seven-headed hydra
 15057 | Lair:1   | Killed a seven-headed hydra
 15099 | Lair:1   | Killed an eight-headed hydra
 16614 | Lair:2   | Noticed a catoblepas
 16625 | Lair:2   | Killed a catoblepas
 16626 | Lair:2   | Gained mutation: Spells you cast may paralyse nearby
                  | enemies. [demonic ancestry]
 16626 | Lair:2   | Reached XP level 12. HP: 47/97 MP: 6/12
 16650 | Lair:2   | Noticed a five-headed hydra
 16876 | Lair:2   | Noticed a four-headed hydra
 16945 | Lair:2   | Killed a four-headed hydra
 16972 | Lair:2   | Reached skill level 10 in Fighting
 16993 | Lair:2   | Gained mutation: You are weak. (Str -2) [Ru sacrifice]
 16993 | Lair:2   | Reached ****** piety under Ru
 17381 | Lair:2   | Acquired the ring of the Frog {rElec rPois MP+9 Dex+5
                  | Stlth-}
 17572 | Lair:2   | Noticed an eight-headed hydra
 17576 | Lair:2   | Killed an eight-headed hydra
 17741 | Lair:2   | Killed a five-headed hydra
 18660 | Lair:3   | Noticed a death yak
 18661 | Lair:3   | Noticed a death yak
 18661 | Lair:3   | Noticed a death yak
 18692 | Lair:2   | Killed a death yak
 18946 | Lair:3   | Reached skill level 10 in Armour
 19699 | Lair:3   | Noticed an eight-headed hydra
 19703 | Lair:3   | Killed an eight-headed hydra
 19895 | Lair:3   | Found a staircase to the Snake Pit.
 20283 | Lair:3   | Reached XP level 13. HP: 67/84 MP: 13/13
 20365 | Lair:3   | Found a staircase to the Swamp.
 24622 | Lair:5   | Reached skill level 5 in Shields
 25774 | Lair:6   | Entered Level 6 of the Lair of Beasts
 25789 | Lair:6   | Reached skill level 12 in Short Blades
 26223 | Lair:6   | Found a gate leading to a gauntlet.
 26302 | Lair:6   | Reached XP level 14. HP: 57/96 MP: 14/14
 27806 | Lair:6   | Reached skill level 13 in Short Blades
 28106 | Lair:6   | Found a viscous altar of Jiyva.
 28107 | Lair:6   | Found a staircase to the Slime Pits.
 28639 | Lair:6   | Cast into level 2 of the Abyss (a wizard)
 28684 | Lair:6   | Escaped the Abyss
 28686 | Lair:6   | Reached skill level 1 in Dodging
 28818 | Lair:6   | Found a burning altar of Makhleb.
 28824 | Lair:6   | Found a gateway to Hell.
 28831 | Lair:6   | Identified the +3 ring mail "Jaubb" {rPois Str+4}
 30397 | D:10     | Entered Level 10 of the Dungeon
 30783 | D:10     | Reached skill level 5 in Dodging
 32831 | Orc:1    | Entered Level 1 of the Orcish Mines
 33429 | Orc:2    | Entered Level 2 of the Orcish Mines
 34565 | Orc:2    | Found a staircase to the Elven Halls.
 34633 | Orc:2    | Found Hidwuim's Assorted Antiques.
 34814 | Orc:2    | Found Tanomig's Antique Armour Shoppe.
 34814 | Orc:2    | Found Biosmo's Assorted Antiques.
 35195 | Orc:2    | Reached skill level 1 in Throwing
 35736 | Orc:2    | Found Wuroz's Book Shoppe.
 35736 | Orc:2    | Found Soenkixini's Book Shop.
 35899 | Orc:2    | Bought a jewelled plate armour for 644 gold pieces
 35899 | Orc:2    | Identified the +1 plate armour of Somewhere Else {rCorr
                  | Int+2} (You bought it in a shop on level 2 of the Orcish
                  | Mines)
 35920 | Orc:2    | Bought an ichor-stained hat for 207 gold pieces
 35920 | Orc:2    | Identified the +2 hat "Ygrenut" {rPois} (You bought it in a
                  | shop on level 2 of the Orcish Mines)
 35941 | Orc:2    | Bought a notched diamond ring for 140 gold pieces
 35949 | Orc:2    | Bought a scroll of magic mapping for 98 gold pieces
 35962 | Orc:2    | Bought a runed helmet for 172 gold pieces
 36260 | D:12     | Gained mutation: You are surrounded by a moderate repulsion
                  | field. (EV +3) [demonic ancestry]
 36260 | D:12     | Reached XP level 15. HP: 83/96 MP: 15/15
 37186 | D:13     | HP: 2/92 [boulder beetle (18)]
 37186 | D:13     | Mangled by a skeletal warrior

Illustrated notes

Levels and vault maps discovered:
D:1:      heliophobic_arrival_ceremonial_halls, layout_rooms,
          ebering_ecumenical_altar_abandoned
D:2:      layout_loops_ring, ebering_dispersal_statue_hall, uniq_terence
D:3:      layout_rooms, serial_bayou_pond_a, serial_park_tiny_pond
D:4:      layout_loops_ring, nemelex_xobeh_ov_fountains_minmay,
          nicolae_shop_gadgets
D:5:      layout_rooms, mainiacjoe_overflow_24_doors,
          nicolae_hepliaklqana_ecumenical_no_more,
          mainiacjoe_overflow_concentric_impassable
D:6:      layout_basic, mainiacjoe_overflow_two_lobes, okawaru_gym_becter
D:7:      layout_rooms, nicolae_vehumet_radiance,
          chequers_temple_overflow_statue_of_worship, lemuel_temple_firewalk_b,
          uniq_joseph, uniq_harold, uniq_duvessa, uniq_pikel
D:8:      layout_basic, lemuel_blue_sif_altar, kennysheep_mini,
          due_lair_maze_entry_diamond, serial_shops,
          nicolae_shop_advertising_works [nicolae_subvault_shop_adworks],
          uniq_maurice
D:9:      layout_loops_corners, minmay_orc_entry_temple_small, serial_bayou,
          serial_bayou_shore_a, serial_bayou_lake_a, serial_bayou_crossing,
          serial_bayou_pond_a, dk_rats_in_the_wall
D:10:     layout_irregular_city
D:11:     layout_loops_ring
D:12:     layout_basic, centaur_isle
D:13:     layout_rooms, special_room [special_room_orc], grunt_decor_one_mirror,
          onia_ninara_dug_in_and_dangerous
Lair:1:   layout_layer_cave
Lair:2:   nzn_winding_woodlands_medium [nzn_winding_woodlands_5x5_checkerboard,
          nzn_winding_woodlands_5x15_concentric,
          nzn_winding_woodlands_5x5_perimeter, nzn_winding_woodlands_5x5_three,
          nzn_winding_woodlands_center_garden, nzn_winding_woodlands_5x5_cross,
          nzn_winding_woodlands_5x5_default, nzn_winding_woodlands_5x15_twine,
          nzn_winding_woodlands_5x5_default], layout_regular_city
Lair:3:   pond_and_an_island_with_a_cottage, layout_loops_ring,
          nicolae_swamp_entry_splash_gauntlet,
          minmay_snake_entry_guardpost_small, roderic_carrion_pond,
          lemuel_fruit_tree
Lair:4:   layout_long_grid, nicolae_quartered_pool_medium, fungi_pond_lemuel
Lair:5:   layout_concentric_octagons, pond, lemuel_fruit_fields,
          serial_bayou_shore_b
Lair:6:   evil_forest, layout_misc_corridors, slime_altar_1,
          gauntlet_entry_generic, chequers_serial_rivers_micro_b
Orc:1:    layout_diamond_mine
Orc:2:    st_orc_town, layout_caves, serial_shops, nicolae_shop_statue_plus

Skill      XL: |  1  2  3  4  5  6  7  8  9 10 11 12 13 14 15 |
---------------+----------------------------------------------+-----
Short Blades   | 2 3 4 6 7 8 11 11 12 13 | 13.1
Fighting       | 3 6 9 11 12 | 12.9
Armour         | 3 6 8 10 11 | 11.7
Shields        | 6 |  6.0
Dodging        | 7 |  7.8
Throwing       | 2 4 |  4.3

Action                   |  1- 3 |  4- 6 |  7- 9 | 10-12 | 13-15 || total
-------------------------+-------+-------+-------+-------+-------++-------
Melee: Rapier            |   113 |    97 |   129 |   528 |  1008 ||  1875
       Kick              |       |    16 |    48 |   200 |   469 ||   733
Throw: Stone             |    22 |    20 |       |    22 |    86 ||   150
       Dart              |       |       |    13 |    66 |    16 ||    95
       Boomerang         |       |       |       |       |    70 ||    70
Invok: Sacrifice Resista |     1 |       |       |       |       ||     1
       Power Leap        |       |     1 |     2 |     5 |     6 ||    14
       Sacrifice Artific |       |     1 |       |       |       ||     1
       Apocalypse        |       |       |     1 |     7 |    13 ||    21
       Draw Out Power    |       |       |     1 |     1 |       ||     2
       Sacrifice Skill   |       |       |     1 |       |       ||     1
       Sacrifice Stealth |       |       |       |     1 |       ||     1
       Sacrifice Purity  |       |       |       |     1 |       ||     1
  Use: Potion            |     1 |       |     1 |     2 |     4 ||     8
       Scroll            |       |     9 |     3 |    12 |     8 ||    32
 Stab: Distracted        |       |     1 |     1 |     3 |     7 ||    12
       Invisible         |       |       |     1 |     5 |    13 ||    19
       Paralysed         |       |       |     1 |     7 |    10 ||    18
       Petrified         |       |       |       |     1 |     1 ||     2
Armor: Scale mail        |    49 |    37 |    11 |       |       ||    97
       Plate armour      |       |       |    21 |    55 |   178 ||   254
       Chain mail        |       |       |     6 |    97 |   105 ||   208
Dodge: Dodged            |    46 |    46 |    44 |   130 |   251 ||   517
Block: Buckler           |    27 |    20 |    19 |    93 |   172 ||   331
